 Dungeon Crawl Stone Soup version 0.28.0 (webtiles) character file.

Game seed: 8365608728207866175

117004 browni3141 the Severer (level 16, -9/157 HPs)
             Began as a Minotaur Berserker on Feb 16, 2022.
             Was a High Priest of Trog.
             Mangled by a naga warrior (23 damage)
             ... on level 4 of the Snake Pit.
             The game lasted 00:22:29 (25832 turns).

browni3141 the Severer (Minotaur Berserker)        Turns: 25832, Time: 00:22:30

Health: -9/157     AC: 24    Str: 30    XL:     16   Next: 22%
Magic:  0/15       EV: 24    Int: 10    God:    Trog [*****.]
Gold:   171        SH:  0    Dex: 21    Spells: 15/15 levels left

rFire   . . .      SeeInvis +   X - +5 executioner's axe "Xyowulluinu" {flame, rN++}
rCold   + . .      Faith    .   (shield currently unavailable)
rNeg    + + .      Spirit   +   b - +0 swamp dragon scales
rPois   +          Reflect  .   a - +3 crown of Dyrovepreva {rElec Int+2 SInv}
rElec   +          Harm     .   p - +2 cloak
rCorr   +          Rampage  .   I - +2 pair of gloves {Dex+3}
Will    ++...                   E - +0 pair of boots
Stlth   +.........              h - amulet "Xeyplao" {Spirit Will+ Int+4 Slay+3}
HPRegen 0.36/turn               D - +6 ring of dexterity
MPRegen 0.14/turn               g - ring "Qohor" {rC+ rCorr Str+2}

@: lethally poisoned (-9 -> -22), on berserk cooldown, slowed, very slow
A: horns 2, retaliatory headbutt, iridescent scales 1, sturdy frame 1
a: Renounce Religion, Berserk, Trog's Hand, Brothers in Arms


You were on level 4 of the Snake Pit.
You worshipped Trog.
Trog was extremely pleased with you.
You visited 4 branches of the dungeon, and saw 21 of its levels.
You also visited: Bailey.

You collected 1486 gold pieces.
You spent 1315 gold pieces at shops.

Inventory:

Hand Weapons
 X - the +5 executioner's axe "Xyowulluinu" (weapon) {flame, rN++}
   (Trog gifted it to you on level 4 of the Lair of Beasts)

   It burns those it strikes, dealing additional fire damage.
   Big, fiery blades are also staple armaments of hydra-hunters.
   rN:        It greatly protects you from negative energy.
Armour
 a - the +3 crown of Dyrovepreva (worn) {rElec Int+2 SInv}
   (You bought it in a shop on level 4 of the Dungeon)

   Int:       It affects your intelligence (+2).
   rElec:     It insulates you from electricity.
   SInv:      It lets you see invisible.
 b - +0 swamp dragon scales (worn)
 p - a +2 cloak (worn)
 E - a +0 pair of boots (worn)
 F - a +2 tower shield
 I - a +2 pair of gloves of dexterity (worn)
 M - the +1 troll leather armour of Courage {rN++ Will++ Regen+}
   (You found it in a bailey)

   rN:        It greatly protects you from negative energy.
   Regen:     It increases your rate of health regeneration.
   Will:      It greatly increases your willpower.
Jewellery
 g - the ring "Qohor" (right hand) {rC+ rCorr Str+2}
   (You acquired it on level 1 of the Snake Pit)

   [ring of resist corrosion]

   Str:       It affects your strength (+2).
   rC:        It protects you from cold.
   rCorr:     It protects you from acid and corrosion.
 h - the amulet "Xeyplao" (around neck) {Spirit Will+ Int+4 Slay+3}
   (You acquired it on level 1 of the Snake Pit)

   [amulet of guardian spirit]

   It causes incoming damage to be divided between your reserves of health and
   magic.
   Int:       It affects your intelligence (+4).
   Slay:      It affects your accuracy & damage with ranged weapons and melee
   (+3).
   Will:      It increases your willpower.
 k - an amulet of the acrobat
 A - an amulet of reflection
 D - a +6 ring of dexterity (left hand)
 O - a +6 ring of dexterity
Wands
 q - a wand of flame (3)
 z - a wand of paralysis (33)
 P - a wand of acid (18)
 Q - a wand of iceblast (20)
 W - a wand of charming (5)
 Y - a wand of polymorph (5)
Scrolls
 c - 7 scrolls of amnesia
 d - 2 scrolls of enchant weapon
 i - 2 scrolls of blinking
 m - 7 scrolls of teleportation
 o - 3 scrolls of fear
 r - 5 scrolls of noise
 s - a scroll of enchant armour
 t - 3 scrolls of immolation
 u - 3 scrolls of fog
 w - 3 scrolls of vulnerability
 x - 4 scrolls of summoning
 y - 2 scrolls of magic mapping
 B - 2 scrolls of torment
 V - a scroll of brand weapon
Potions
 e - 9 potions of ambrosia
 f - a potion of attraction
 j - 5 potions of haste
 l - 3 potions of brilliance
 n - 6 potions of mutation
 v - 5 potions of might
 C - 3 potions of lignification
 J - a potion of experience {unknown}
 K - 3 potions of invisibility {unknown}
 L - 2 potions of resistance
 N - 4 potions of curing
 R - 2 potions of flight {unknown}
 T - a potion of berserk rage {unknown}


   Skills:
 + Level 17.9 Fighting
 + Level 17.9 Axes
 - Level 12.8 Armour
 * Level 16.5 Dodging
 + Level 9.9 Evocations


You had 15 spell levels left.
You didn't know any spells.
Your spell library was empty.

Dungeon Overview and Level Annotations

Branches:
Dungeon (10/15)            Temple (0/1) D:7            Lair (6/6) D:10
 Shoals (0/4) Lair:2        Snake (4/4) Lair:4        Slime (0/5) Lair:6
    Orc (1/2) D:9          Bailey (visited)

Altars:
Cheibriados
Okawaru
Sif Muna
The Shining One

Shops:
D:2 ?   D:4 *   D:5 *!   D:7 *   D:8 ?   D:9 *   Snake:4 :=:(

Annotations:
Snake:2 Vashnia


Innate Abilities, Weirdness & Mutations

You have a pair of horns on your head.
You reflexively headbutt those who attack you in melee.
You are partially covered in iridescent scales. (AC +2)
Your movements are slightly less encumbered by armour. (ER -2)


Message History

You hear a shout!
You are too injured to fight recklessly!
You feel sick.
You hear a shout!
You are more poisoned.
The naga warrior closely misses you.
The naga sharpshooter gestures wildly while chanting.
The naga sharpshooter magically shoots a bolt.
The bolt misses you.
The naga sharpshooter gestures wildly while chanting.
The naga sharpshooter magically shoots an arrow.
The arrow closely misses you.
Things that are here:
a +0 quarterstaff; a +0 robe; an anaconda skeleton You feel a strong urge to attack something.
You are no longer berserk.
You are exhausted.
You feel as though you will be slow longer.
You feel very sick.
* * * LOW HITPOINT WARNING * * *
The naga warrior spits poison at you. The splash of poison misses you.
The naga sharpshooter spits poison at you.
The splash of poison hits you.
* * * LOW HITPOINT WARNING * * *
There is a stone staircase leading up, spattered with blood here.
You feel sick.
* * * LOW HITPOINT WARNING * * *
You are more poisoned. x2
The naga ritualist's toxic aura wanes.
The nagaraja gestures at you while chanting.
You resist with significant effort. The naga warrior completely misses you.
The naga ritualist prays to its god.
The naga ritualist begins to radiate toxic energy.
* * * LOW HITPOINT WARNING * * *
The naga sharpshooter shoots a bolt.
The bolt hits you.
* * * LOW HITPOINT WARNING * * *
The nagaraja misses you.
The naga warrior hits you from afar with a +0 halberd!!
You die...

..._.........#.#...#### #.#
.†...........###......# #.#
...............#.##...## ##.#
.......^.........#.....####..#
.............#..#.........).##
.....#.......#......∩......###
........#....................###
...##....#.#.....#)....#.......##
...#............@##...##........#
.....#...........).)N....#.......
...#.............NN).#..^##......
...........#....##.N............#
.....#...#........#NNN.........##
.........#.........S....)......#
...#..#..............S........##
.<.............##...##.(..)..##
....).....##### ######...##...#


You could see 2 naga warriors, a nagaraja (fast, strong), 2 naga sharpshooters,
an anaconda, 2 naga ritualists and a black mamba.

Vanquished Creatures
  Nikola (Snake:2)
  Gastronok (Lair:2)
  Kirke (Snake:2)
  2 nagarajas
  Azrael (Snake:2)
  3 salamander tyrants
  6 naga warriors
  9 hydras
  A centaur warrior (D:9)
  A catoblepas (Lair:4)
  2 two-headed ogres
  7 anacondas
  5 death yaks (Lair:6)
  6 shock serpents
  20 naga sharpshooters
  A fire crab (Lair:6)
  A goliath frog (Lair:6)
  3 salamander mystics
  3 naga ritualists
  4 swamp dragons (Lair:3)
  Pikel (D:9)
  A necromancer (D:9)
  7 mana vipers
  A cyclops (Orc:1)
  A manticore (Lair:6)
  7 elephants
  20 salamanders
  33 black mambas
  4 guardian serpents
  8 naga magi
  A gargoyle (Bailey)
  2 torpor snails
  15 cane toads
  7 rime drakes
  A kobold demonologist (D:9)
  9 komodo dragons
  A troll (D:10)
  A meliai (D:9)
  A queen bee (Lair:2)
  4 tyrant leeches (Lair:6)
  The ghost of Kissindre the Slasher, an amateur DrCK of Xom (D:4)
  Grinder (D:5)
  9 dream sheep (Lair:6)
  21 blink frogs
  Sigmund (D:6)
  12 wyverns
  A shadow (D:10)
  A vampire (Bailey)
  5 fire elementals (Snake:2)
  A wraith (D:10)
  33 yaks
  9 basilisks
  5 hogs (Snake:2)
  5 vampire mosquitoes (Lair:6)
  3 steam dragons
  39 nagas
  15 water moccasins
  2 hell hounds (Snake:2)
  4 orc warriors
  A necrophage (D:8)
  6 black bears
  A sky beast (D:5)
  4 ogres
  19 wolves
  8 centaurs
  3 phantoms (D:5)
  4 lemures (D:9)
  4 kobold brigands
  Blork the orc (D:6)
  19 bullfrogs
  4 scorpions
  33 killer bees
  4 howler monkeys
  7 vampire bats (Bailey)
  5 wolf zombies (Bailey)
  An electric eel (Lair:5)
  5 centaur zombies
  3 jellies
  2 bullfrog zombies
  A centaur skeleton (D:5)
  6 orc priests
  A gnoll shaman (D:10)
  4 hounds
  Jessica (D:3)
  2 iguanas
  Natasha (thrice) (D:3)
  8 orc wizards
  4 hell rats (Lair:4)
  2 killer bee zombies (D:6)
  Robin (D:2)
  A howler monkey zombie (D:9)
  4 gnolls (D:10)
  A howler monkey skeleton (D:6)
  7 adders
  2 river rats (D:5)
  A shadow imp (D:6)
  A white imp (D:5)
  2 ufetubi
  3 worms
  2 dart slugs (D:4)
  32 orcs
  7 ball pythons
  5 bats
  10 endoplasms
  3 giant cockroaches
  12 goblins
  7 hobgoblins
  18 kobolds
  4 quokkas
  18 orc zombies (Bailey)
  5 rats
  4 toadstools (D:1)
687 creatures vanquished.

Vanquished Creatures (others)
  A naga warrior (Snake:2)
  A salamander mystic (Snake:4)
  A salamander (Snake:2)
  A human (Snake:2)
  22 fungi
  84 plants
110 creatures vanquished.

Grand Total: 797 creatures vanquished

Notes
Turn   | Place    | Note
-------+----------+-------------------------------------------
     0 | D:1      | browni3141 the Minotaur Berserker began the quest for the
                  | Orb.
     0 | D:1      | Reached XP level 1. HP: 19/19 MP: 0/0
   366 | D:1      | Reached XP level 2. HP: 22/27 MP: 1/1
   991 | D:2      | Found a faded altar of an unknown god.
  1000 | D:2      | Noticed Robin
  1013 | D:2      | Reached XP level 3. HP: 33/33 MP: 2/2
  1019 | D:2      | Killed Robin
  1020 | D:2      | Found an iron altar of Okawaru.
  1143 | D:2      | Found Otiuhuf's Magic Scroll Shoppe.
  1183 | D:2      | Reached ** piety under Trog
  1464 | D:2      | Bought a scroll of teleportation for 30 gold pieces
  1464 | D:2      | Bought a scroll of identify for 20 gold pieces
  1464 | D:2      | Bought a scroll of fear for 35 gold pieces
  1602 | D:3      | Noticed Jessica
  1605 | D:3      | Killed Jessica
  1606 | D:3      | Reached XP level 4. HP: 39/41 MP: 3/3
  1676 | D:3      | Noticed Natasha
  1685 | D:3      | Killed Natasha
  1803 | D:3      | Noticed Natasha
  1814 | D:3      | Killed Natasha
  1815 | D:3      | Reached skill level 5 in Axes
  1815 | D:3      | Reached XP level 5. HP: 44/47 MP: 4/4
  1955 | D:3      | Reached skill level 5 in Fighting
  2244 | D:3      | Noticed Natasha
  2260 | D:3      | Killed Natasha
  2545 | D:4      | Reached XP level 6. HP: 54/56 MP: 5/5
  2686 | D:4      | Reached skill level 5 in Armour
  3057 | D:4      | Found Kuxampoxan's Assorted Antiques.
  3107 | D:4      | Found a runed translucent door.
  3107 | D:4      | Noticed Kissindre's ghost (amateur DrCK)
  3271 | D:4      | Reached XP level 7. HP: 64/64 MP: 6/6
  3637 | D:4      | Killed Kissindre's ghost
  3671 | D:5      | Entered Level 5 of the Dungeon
  3730 | D:5      | Noticed Grinder
  3739 | D:5      | Killed Grinder
  3740 | D:5      | Reached XP level 8. HP: 64/73 MP: 7/7
  4367 | D:5      | Found the +0 staff of Battle
  4399 | D:5      | Found Elankuvo's Lightly-Used Armoury.
  4402 | D:5      | Found Eziel's Distillery.
  4467 | D:5      | Reached *** piety under Trog
  4954 | D:6      | Noticed Sigmund
  4964 | D:6      | Killed Sigmund
  4991 | D:6      | Noticed Blork the orc
  5000 | D:6      | Killed Blork the orc
  5115 | D:6      | Reached XP level 9. HP: 76/82 MP: 8/8
  5317 | D:6      | Found a snail-covered altar of Cheibriados.
  6183 | D:7      | Found a staircase to the Ecumenical Temple.
  6529 | D:7      | Found Xydax's Assorted Antiques.
  6944 | D:8      | Reached skill level 10 in Fighting
  6944 | D:8      | Reached skill level 10 in Axes
  7144 | D:8      | Found Xoyd's Magic Scroll Shoppe.
  7277 | D:8      | Noticed a two-headed ogre
  7286 | D:8      | Killed a two-headed ogre
  7287 | D:8      | Reached skill level 10 in Armour
  7525 | D:8      | Reached XP level 10. HP: 94/94 MP: 9/9
  7756 | D:8      | Identified the +1 hunting sling of Hofituun {flame, rF+ rC-
                  | Str+4}
  8015 | D:9      | Noticed Pikel
  8021 | D:9      | Noticed a two-headed ogre
  8029 | D:9      | Reached **** piety under Trog
  8038 | D:9      | Killed a two-headed ogre
  8044 | D:9      | Killed Pikel
  8326 | D:9      | Found a staircase to the Orcish Mines.
  8345 | D:9      | Found Xurphawan's General Store.
  9085 | D:9      | Noticed a necromancer
  9095 | D:9      | Gained mutation: You are partially covered in iridescent
                  | scales. (AC +2) [potion of mutation]
  9095 | D:9      | Gained mutation: Your movements are slightly less
                  | encumbered by armour. (ER -2) [potion of mutation]
  9103 | D:9      | Killed a necromancer
  9557 | D:9      | Noticed a centaur warrior
  9577 | D:9      | Killed a centaur warrior
  9578 | D:9      | Reached XP level 11. HP: 22/105 MP: 10/10
  9925 | Orc:1    | Entered Level 1 of the Orcish Mines
 10186 | D:10     | Entered Level 10 of the Dungeon
 10550 | D:10     | Found a flagged portal.
 10559 | Bailey   | Entered a bailey
 10875 | Bailey   | Identified the +1 troll leather armour of Courage {rN++
                  | Will++ Regen+}
 11220 | Bailey   | Reached ***** piety under Trog
 11349 | D:10     | Found a staircase to the Lair.
 11817 | Lair:1   | Entered Level 1 of the Lair of Beasts
 12042 | Lair:1   | Reached skill level 1 in Evocations
 12916 | Lair:2   | Noticed Gastronok
 12919 | Lair:2   | Found a staircase to the Shoals.
 12934 | Lair:2   | Killed Gastronok
 12935 | Lair:2   | Reached skill level 5 in Dodging
 12935 | Lair:2   | Reached XP level 12. HP: 53/115 MP: 11/11
 13176 | Lair:2   | Identified the +4 dire flail "Tattletale" {vamp, rPois rN+}
 13197 | Lair:2   | Noticed a four-headed hydra
 13208 | Lair:2   | Killed a nine-headed hydra
 13661 | Lair:2   | You fall into a shaft and drop 1 floor!
 13901 | Lair:3   | Found a transporter.
 14492 | Lair:3   | Found a transporter.
 14727 | Lair:4   | Identified the +5 executioner's axe "Xyowulluinu" {flame,
                  | rN++} (Trog gifted it to you on level 4 of the Lair of
                  | Beasts)
 14727 | Lair:4   | Received a gift from Trog
 14792 | Lair:4   | Found a staircase to the Snake Pit.
 14796 | Lair:4   | Noticed a five-headed hydra
 14810 | Lair:4   | Killed a one-headed hydra
 14892 | Lair:4   | Noticed a catoblepas
 14905 | Lair:4   | Killed a catoblepas
 15060 | Lair:4   | Noticed an eight-headed hydra
 15064 | Lair:4   | Killed a six-headed hydra
 15204 | Lair:4   | Found a runed translucent door.
 15265 | Lair:4   | Noticed a seven-headed hydra
 15272 | Lair:4   | Reached skill level 5 in Evocations
 15275 | Lair:4   | Noticed a four-headed hydra
 15275 | Lair:4   | Killed a four-headed hydra
 15276 | Lair:4   | Reached XP level 13. HP: 125/125 MP: 12/12
 15861 | Lair:5   | Found a glowing golden altar of the Shining One.
 15867 | Lair:5   | Reached skill level 10 in Dodging
 15952 | Lair:5   | Reached skill level 15 in Axes
 16039 | Lair:5   | Reached skill level 15 in Fighting
 16133 | Lair:5   | Received a gift from Trog
 16433 | Lair:6   | Entered Level 6 of the Lair of Beasts
 16588 | Lair:6   | Found a staircase to the Slime Pits.
 16791 | Lair:6   | Reached XP level 14. HP: 135/135 MP: 13/13
 17005 | Lair:6   | Identified the +1 robe of Day {Str+4}
 17174 | Lair:6   | Received a gift from Trog
 17934 | D:4      | Bought the +3 crown of Dyrovepreva {rElec Int+2 SInv} for
                  | 1076 gold pieces
 17934 | D:4      | Found the +3 crown of Dyrovepreva {rElec Int+2 SInv}
 18240 | Snake:1  | Entered Level 1 of the Snake Pit
 19814 | Snake:1  | Identified 2 scrolls of acquirement
 19816 | Snake:1  | Acquired the amulet "Xeyplao" {Spirit Will+ Int+4 Slay+3}
 19831 | Snake:1  | Acquired the ring "Qohor" {rC+ rCorr Str+2}
 19884 | Snake:2  | Noticed Azrael
 19896 | Snake:2  | Killed Azrael
 20114 | Snake:2  | Reached XP level 15. HP: 93/145 MP: 7/14
 20126 | Snake:1  | HP: 7/145 [poisoned by a naga mage (bolt of poison)]
 20129 | Snake:1  | HP: 3/145 [poisoned by a naga mage (bolt of poison)]
 20538 | Snake:2  | Received a gift from Trog
 20754 | Snake:2  | Noticed Vashnia
 22387 | Snake:2  | Noticed Kirke
 22399 | Snake:2  | Killed Kirke
 22479 | Snake:3  | Reached skill level 15 in Dodging
 22703 | Snake:3  | Received a gift from Trog
 22872 | Snake:4  | Entered Level 4 of the Snake Pit
 23243 | D:8      | Bought a scroll of teleportation for 42 gold pieces
 23243 | D:8      | Bought a scroll of magic mapping for 49 gold pieces
 23243 | D:8      | Bought a scroll of identify for 28 gold pieces
 23382 | D:2      | Bought a scroll of magic mapping for 35 gold pieces
 23709 | Snake:2  | Noticed Nikola
 23721 | Snake:2  | Killed Nikola
 24082 | Snake:4  | Found a shimmering blue altar of Sif Muna.
 24088 | Snake:4  | Found Bikimmedwo's Book Shop.
 24089 | Snake:4  | Found Fadwevve's Jewellery Shoppe.
 24092 | Snake:4  | Found Entoxtio's Book Shop.
 24881 | Snake:4  | Noticed a nagaraja
 24883 | Snake:4  | Found Nugalif's Weapon Shop.
 24886 | Snake:4  | Killed a nagaraja
 24889 | Snake:4  | Reached XP level 16. HP: 141/157 MP: 13/15
 25041 | Snake:3  | Received a gift from Trog
 25832 | Snake:4  | Mangled by a naga warrior

Illustrated notes

Levels and vault maps discovered:
D:1:      ldierk_water_garden, layout_loops_ring, minmay_bisected
D:2:      layout_basic, serial_shops, nicolae_shop_stone, basic_altar,
          ebering_ecumenical_altar_rust, minmay_misc_feat_square,
          kennysheep_cluttered_room, uniq_robin
D:3:      layout_basic, chequers_serial_rivers_micro_e, uniq_jessica,
          uniq_natasha
D:4:      layout_gridville, gammafunk_ghost_grave, serial_shops, shop
D:5:      layout_basic, portal_sewer_entry_e, serial_shops, shop,
          corexii_hall_statues_i, minmay_shop_damaged, uniq_grinder
D:6:      layout_basic, cheibriados_altar_1, enter_ossuary_1,
          uniq_blork_the_orc, uniq_sigmund
D:7:      layout_loops_ring, minmay_temple_entry_arrows, serial_shops,
          nicolae_shop_waterfront
D:8:      layout_gridville, serial_rivers, chequers_serial_rivers_micro_b,
          chequers_serial_rivers_small_a, chequers_serial_rivers_micro_b,
          chequers_serial_rivers_room_a, serial_shops, kennysheep_little_box
D:9:      wad_statue_garden, layout_irregular_city, serial_shops, shop,
          kennysheep_generic_room_11, uniq_pikel
D:10:     layout_cave_pods, david_lair_generic, enter_bailey_2
Lair:1:   layout_cave_pods, chequers_serial_rivers_micro_b
Lair:2:   layout_gridlike, minmay_shoals_entry_centaurs, special_room
          [special_room_bee], grunt_megastairs_1, uniq_gastronok
Lair:3:   gammafunk_cloud_chamber, layout_long_grid, grunt_megastairs_4,
          serial_bayou_shore_a
Lair:4:   layout_roguey [special_room_mythical_zoo],
          guppyfry_snake_entry_island, columned_hall_lemuel, pf_torpor_hydra
Lair:5:   layout_long_grid, basic_altar, infiniplex_staircase_pool,
          grunt_megastairs_2
Lair:6:   minmay_lair_end_frog_pond, layout_gridlike,
          nicolae_slime_entry_slimehenge, serial_bayou_shore_b,
          serial_bayou_shore_b, serial_bayou_shore_b
Snake:1:  layout_layer_cave, serial_bayou_pond_d, minmay_shop_star
Snake:2:  layout_grid_maze, nicolae_snake_squiggles, st_stairs_7, uniq_azrael,
          uniq_nikola, uniq_kirke, uniq_vashnia
Snake:3:  layout_cave_pods, nicolae_snake_gridmaze_big_u
Snake:4:  snake_pit, layout_onion_interference, basic_altar, serial_shops,
          nicolae_shop_bloodbath_and_beyond, st_stairs_11, minmay_shop_grove,
          lemuel_fruit_tree
Orc:1:    layout_caves, portal_ice_cave_entry_animals_and_master, basic_altar,
          uniq_urug

Skill      XL: |  1  2  3  4  5  6  7  8  9 10 11 12 13 14 15 |
---------------+----------------------------------------------+-----
Axes           | 4 5 6 7 8 10 12 13 14 15 16 17 | 17.9
Fighting       | 4 5 6 7 8 10 12 13 14 15 16 17 | 17.9
Armour         | 3 4 5 7 8 10 12 | 12.8
Dodging        | 5 9 11 14 16 | 16.5
Evocations     | 2 5 6 8 9 |  9.9

Action                   |  1- 3 |  4- 6 |  7- 9 | 10-12 | 13-15 | 16-18 || total
-------------------------+-------+-------+-------+-------+-------+-------++-------
Melee: Hand axe          |    63 |   105 |   134 |       |       |       ||   302
       Headbutt          |     5 |    16 |    43 |   109 |   156 |    16 ||   345
       Punch             |       |     1 |     2 |       |       |       ||     3
       Battleaxe         |       |       |   122 |   475 |       |       ||   597
       Executioner's axe |       |       |       |    30 |   570 |    68 ||   668
Throw: Throwing net      |       |       |       |     1 |     1 |       ||     2
Invok: Berserk           |     1 |     2 |     7 |    10 |    12 |     1 ||    33
       Trog's Hand       |       |       |     3 |     4 |     1 |       ||     8
  Use: Scroll            |     1 |       |     3 |     3 |    12 |       ||    19
       Potion            |       |       |       |     3 |     1 |       ||     4
 Stab: Sleeping          |       |       |     1 |       |     3 |       ||     4
       Distracted        |       |       |       |       |     1 |       ||     1
Armor: Animal skin       |     4 |       |       |       |       |       ||     4
       Chain mail        |    19 |    57 |   175 |   136 |       |       ||   387
       Plate armour      |       |       |       |    63 |       |       ||    63
       Troll leather arm |       |       |       |   153 |    91 |       ||   244
       Swamp dragon scal |       |       |       |       |   143 |    26 ||   169
Dodge: Dodged            |    38 |    46 |   161 |   537 |   862 |   131 ||  1775
